 Dungeon Crawl Stone Soup version 0.26-a0-660-gc07710193c (webtiles) character file.

Game seed: 17544491200204662755

54 Decritt the Digger (level 3, -7/19 HPs)
             Began as a Gargoyle Earth Elementalist on Oct 6, 2020.
             Mangled by a gnoll
             ... wielding a +0 halberd
              (8 damage)
             ... on level 2 of the Dungeon.
             The game lasted 00:04:21 (1444 turns).

Decritt the Digger (Gargoyle Earth Elementalist)    Turns: 1444, Time: 00:04:22

Health: -7/19      AC:  2    Str: 11    XL:     3   Next: 91%
Magic:  5/7        EV: 11    Int: 16    God:
Gold:   63         SH:  0    Dex: 10    Spells: 7/8 levels left

rFire    . . .     SeeInvis .   a - +0 hand axe
rCold    . . .     Faith    .   (no shield)
rNeg     + . .     Spirit   .   k - +0 leather armour
rPois    ∞         Reflect  .   (no helmet)
rElec    +         Harm     .   (no cloak)
rCorr    .         Rampage  .   (no gloves)
MR       .....                  (no boots)
Stlth    ++........             (no amulet)
HPRegen  0.06/turn              i - -4 ring of protection (curse)
MPRegen  0.10/turn              (no ring)

@: no status effects
A: negative energy resistance 1, electricity resistance, unbreathing,
petrification resistance, rot immunity, AC +3
a: no special abilities


You were on level 2 of the Dungeon.
You visited 1 branch of the dungeon, and saw 2 of its levels.

You collected 63 gold pieces.

Inventory:

Hand Weapons
 a - a +0 hand axe (weapon)
Missiles
 b - 27 stones (quivered)
Armour
 k - a +0 leather armour (worn)
Jewellery
 i - a cursed -4 ring of protection (left hand)
Wands
 j - a wand of polymorph (8)
Scrolls
 e - a scroll of teleportation
Potions
 d - 2 potions of degeneration {unknown}
 g - a potion of invisibility {unknown}
 h - a potion of berserk rage {unknown}
 l - a potion of heal wounds {unknown}


   Skills:
 - Level 1.5 Dodging
 - Level 2.1 Stealth
 + Level 3.0 Spellcasting
   Level 0.7 Transmutations
 + Level 4.7 Earth Magic


You had 7 spell levels left.
You knew the following spells:

 Your Spells              Type           Power        Failure   Level
a - Sandblast             Erth           ###...       3%          1

Your spell library contained the following spells:

 Spells                   Type           Power        Failure   Level
 Passwall                 Tmut/Erth      ##......     12%         2
 Stone Arrow              Conj/Erth      ##....       28%         3
 Petrify                  Tmut/Erth      ##......     61%         4
 Lee's Rapid Deconstruct  Erth           ###.......   67%         5


Dungeon Overview and Level Annotations

Branches:
Dungeon (2/15)

Altars:
Hepliaklqana


Innate Abilities, Weirdness & Mutations

You are resistant to torment.
Your stone body is resilient. (AC +3)
You are immune to poison.
You resist negative energy. (rN+)
You are resistant to electric shocks. (rElec)
You can survive without breathing.
You are immune to petrification.
You are immune to rotting.


Message History

The gnoll hits you from afar with a +0 halberd!
* * * LOW HITPOINT WARNING * * *
You closely miss the gnoll.
The gnoll is almost dead.
You closely miss the giant cockroach. The giant cockroach closely misses you.
The gnoll closely misses you.
The gnoll hits you from afar with a +0 halberd.
* * * LOW HITPOINT WARNING * * *
The giant cockroach closely misses you.
Casting: Sandblast (safe; 3% risk of failure)
Confirm with . or Enter, or press ? or * to list all spells.
Aiming: Sandblast (safe; 3% risk of failure)
Press: ? - help, Shift-Dir - straight line, f/p - gnoll
Aim: a gnoll (almost dead)
The blast of sand hits the gnoll.
You kill the gnoll!
Your Spellcasting skill increases to level 3!
b - 27 stones The gnoll hits you from afar with a +0 halberd!
You die...

.#..####.................#......§
.#.....#..#####.......#.###..####
+#'###+#..# #.#####.#......#
.g........#####.#####'######.#
.........>.......#....†....#.#
.........#######...........#.#
........ggg..g.#.......[...+.#
##############g#...........###
#.B@..........# #####.........#
#.........# ###.........#
#.....<.....# #.######.####
#.######.# ........# #########


You could see 2 gnolls and a giant cockroach.

Vanquished Creatures
  A gnoll (D:2)
  3 dart slugs (D:1)
  2 leopard geckos (D:1)
  3 goblins
  6 hobgoblins
  8 kobolds
  3 bats (D:1)
  6 frilled lizards
  4 rats
36 creatures vanquished.

Notes
Turn   | Place    | Note
-------+----------+-------------------------------------------
     0 | D:1      | Decritt the Gargoyle Earth Elementalist began the quest for
                  | the Orb.
     0 | D:1      | Reached XP level 1. HP: 10/10 MP: 3/3
   134 | D:1      | Reached skill level 4 in Earth Magic
   134 | D:1      | Reached XP level 2. HP: 10/15 MP: 1/5
   512 | D:1      | Reached XP level 3. HP: 18/19 MP: 2/6
  1182 | D:2      | Found a hazy altar of Hepliaklqana.
  1444 | D:2      | Mangled by a gnoll

Illustrated notes

Levels and vault maps discovered:
D:1:      mushboom_english_gardens, layout_basic, minmay_distorted
D:2:      layout_basic, lemuel_round_altar

Skill      XL: |  1  2  3 |
---------------+----------+-----
Earth Magic    | 4 |  4.7
Spellcasting   | 3 |  3.0
Dodging        | |  1.5
Stealth        | |  2.1
Transmutations | |  0.7

Action                   || total
-------------------------++-------
Melee: Hand axe          ||    13
 Cast: Sandblast         ||    43
  Use: Scroll            ||     4
Armor: Robe              ||     8
       Leather armour    ||     3
Dodge: Dodged            ||    20

Table legend: (Time is in decaauts)
 A = Elapsed time spent in this place.
 B = Non-inter-level travel time spent in this place.
 C = Inter-level travel time spent in this place.
 D = Time resting spent in this place.
 E = Time spent auto-exploring this place.
 F = Levels seen in this place.
 G = Mean time per level.
                   A        B        C        D        E       F      G
               +--------+--------+--------+--------+--------+-----+--------+
         Total |   1446 |   1401 |     45 |    324 |    782 |   2 |  723.0 |
       Dungeon |   1446 |   1401 |     45 |    324 |    782 |   2 |  723.0 |
               +--------+--------+--------+--------+--------+-----+--------+

Top non-repeatable levels by time:
     D:1: 1013 daAuts
     D:2: 432 daAuts
